 Dungeon Crawl Stone Soup version 0.18.1-1-g2f07953 (webtiles) character file.

104 Aleksandr27reg the Magician (level 4, 0/24 HPs)
             Began as a Deep Elf Wizard on Aug 26, 2016.
             Slain by a killer bee (3 damage)
             ... on level 3 of the Dungeon.
             The game lasted 00:08:47 (2305 turns).

Aleksandr27reg the Magician (Deep Elf Wizard)       Turns: 2305, Time: 00:08:48

Health: 0/24       AC:  2    Str:  4    XL:     4   Next: 52%
Magic:  5/14       EV: 13    Int: 24    God:
Gold:   54         SH:  0    Dex: 13    Spells: 1 memorised, 14 levels left

rFire  . . .     SeeInvis .     (no weapon)
rCold  . . .     Gourm    .     a - +0 robe
rNeg   . . .     Faith    .     (no shield)
rPois  .         Spirit   .     b - +0 hat
rElec  .         Dismiss  .     (no cloak)
rCorr  .         Reflect  .     (no gloves)
SustAt .         Harm     .     (no boots)
MR     .....                    (no amulet)
Stlth  ++........               (no ring)
                                (no ring)

@: lethally poisoned (0 -> -13), not resistant to hostile enchantments,
unstealthy
A: no striking features
a: no special abilities


You were on level 3 of the Dungeon.
You were not hungry.

You visited 1 branch of the dungeon, and saw 4 of its levels.

You collected 54 gold pieces.

Inventory:

Armour
 a - a +0 robe (worn)
 b - a +0 hat (worn)
Scrolls
 l - 2 scrolls of identify
Potions
 e - a potion of curing
 f - a potion of berserk rage
 m - 2 potions of invisibility
Books
 c - a book of Minor Magic

   Spells                             Type                      Level
   a - Magic Dart                     Conjuration                  1
   b - Blink                          Translocation                2
   c - Call Imp                       Summoning                    2
   d - Repel Missiles                 Charms/Air                   2
   e - Slow                           Hexes                        2
   f - Conjure Flame                  Conjuration/Fire             3
   g - Mephitic Cloud                 Conjuration/Poison/Air       3
Comestibles
 d - a slice of pizza
 g - a chunk of flesh
 h - a beef jerky


   Skills:
 + Level 0.2 Fighting
 + Level 2.8 Dodging
 + Level 2.9 Stealth
 * Level 6.3 Spellcasting
 + Level 2.3 Conjurations
   Level 1.1 Summonings
   Level 1.1 Translocations


You had 14 spell levels left.
You knew the following spells:

 Your Spells              Type           Power        Failure   Level  Hunger
a - Magic Dart            Conj           ###.         3%          1    None


Dungeon Overview and Level Annotations

Branches:
Dungeon (4/15)
 Temple: D:4-7

Altars:

Annotations:
D:3 skewfiend's ghost, amateur HEHu
D:4 Sigmund


Message History

The killer bee buzzes angrily.
The killer bee closely misses you. The killer bee stings you.
A killer bee and an orc come into view.
The killer bee closely misses you. The killer bee stings you.
You are poisoned.
The killer bee poisons you!
You feel sick.
The killer bee stings you but does no damage.
You feel sick. The killer bee barely misses you. The killer bee stings you.
You feel sick. The killer bee misses you.
Your magical contamination has completely faded away.
The killer bee stings you!
* * * LOW HITPOINT WARNING * * *
You are more poisoned.
The killer bee poisons you!
There is an open door, spattered with blood here.
* * * LOW HITPOINT WARNING * * *
You feel sick. The killer bee stings you.
You die...

###...### #.......#
#.......# #.......#
###..... .......##########
#...........# #(.########.#
#@## ######.#####
##y##............#
##.o.#.###.##.###.#
##.o....# #.##.# #.#
##o......###....###.#
...####y........##.#...##.#
o.yy!.y.........+.........#
y.y#########....##.#...####
#..........##


You could see 3 killer bees and 3 orcs.

Vanquished Creatures
  5 adders
  An ooze (D:3)
  A worm (D:2)
  A dart slug (D:1)
  A giant gecko (D:2)
  3 orcs
  5 bats
  5 giant cockroaches
  6 goblins
  6 hobgoblins
  A giant newt (D:2)
  7 kobolds
  7 rats
49 creatures vanquished.

Notes
Turn   | Place    | Note
--------------------------------------------------------------
     0 | D:1      | Aleksandr27reg the Deep Elf Wizard began the quest for the Orb.
     0 | D:1      | Reached XP level 1. HP: 10/10 MP: 7/7
   399 | D:1      | Reached XP level 2. HP: 15/15 MP: 1/9
   452 | D:1      | Reached skill level 5 in Spellcasting
  1005 | D:2      | Reached XP level 3. HP: 19/19 MP: 4/12
  1485 | D:2      | Reached XP level 4. HP: 19/24 MP: 6/13
  1932 | D:3      | Reached skill level 6 in Spellcasting
  2041 | D:3      | Noticed skewfiend's ghost (amateur HEHu)
  2052 | D:4      | Noticed Sigmund
  2305 | D:3      | Slain by a killer bee

Skill      XL: |  1  2  3  4 |
---------------+-------------+-----
Spellcasting   | 5 6 |  6.3
Conjurations   | 2 |  2.3
Fighting       | |  0.2
Dodging        | |  2.8
Stealth        | |  2.9
Summonings     | |  1.1
Translocations | |  1.1

Action                   |  1- 3 |  4- 6 || total
-------------------------+-------+-------++-------
 Cast: Magic Dart        |    91 |    59 ||   150
  Use: Potion            |     4 |       ||     4
       Scroll            |     4 |       ||     4
  Eat: Bread ration      |     1 |       ||     1
Armor: Robe              |     1 |     3 ||     4
Dodge: Dodged            |    22 |    16 ||    38
